 Dungeon Crawl Stone Soup version 0.30.1-8-g117510f58f (webtiles) character file.

Game seed: 15734849526285493624

94268 Amplified the Eclecticist (level 15, -26/130 HPs)
             Began as a Mummy Gladiator on Sept 22, 2023.
             Was an Initiate of Gozag.
             Killed from afar by a deep elf zephyrmancer (36 damage)
             ... with a bolt of lightning
             ... on level 1 of the Elven Halls.
             The game lasted 00:47:48 (35822 turns).

Amplified the Eclecticist (Mummy Gladiator)        Turns: 35822, Time: 00:47:49

Health: -26/130    AC: 13    Str: 18    XL:     15   Next: 63%
Magic:  18/37      EV: 12    Int: 14    God:    Gozag
Gold:   347        SH:  7    Dex: 14    Spells: 42/50 levels left

rFire   + . .        z - +1 demon trident (flame)
rCold   + . .        m - +2 buckler
rNeg    + + +        p - +2 robe {rF+}
rPois   ∞            c - +2 helmet
rElec   .            D - scarf {+Inv}
rCorr   .            k - +2 pair of gloves
SInv    .            u - +2 pair of boots
Will    +....        g - amulet of the acrobat
Stlth   +            r - +4 ring of slaying
HPRegen 0.41/turn    w - ring of protection from fire
MPRegen 0.25/turn

%: acrobat, faith
@: gold aura, studying Polearms
A: cold resistance 1, negative energy resistance 3, torment resistance 2, heat
vulnerability 1, in touch with death 2, no potions, faith
a: Renounce Religion, Evoke Invisibility, Potion Petition, Call Merchant, Bribe
Branch


You were on level 1 of the Elven Halls.
You worshipped Gozag.
Gozag was aware of your devotion.
You visited 7 branches of the dungeon, and saw 28 of its levels.

You collected 7623 gold pieces.
You spent 3738 gold pieces at shops.
You paid 3538 gold pieces to Gozag.

Inventory:

Hand Weapons
 a - a +3 spectral quarterstaff
 t - a +2 lajatang of electrocution
 z - a +1 demon trident of flaming (weapon)
Missiles
 e - 9 javelins (quivered)
Armour
 c - a +2 helmet (worn)
 k - a +2 pair of gloves (worn)
 m - a +2 buckler (worn)
 p - a +2 robe of fire resistance (worn)
 u - a +2 pair of boots (worn)
 y - the +3 robe of Spite {Dex+3}
   (You found it on level 11 of the Dungeon)

   Dex:       It affects your dexterity (+3).
 D - a scarf of invisibility (worn)
Jewellery
 d - a +5 ring of evasion
 g - an amulet of the acrobat (around neck)
 q - a +6 ring of intelligence
 r - a +4 ring of slaying (left hand)
 w - a ring of protection from fire (right hand)
 C - an amulet of regeneration
 G - a ring of wizardry
 H - a ring of see invisible
Wands
 b - a wand of flame (22)
 n - a wand of roots (1)
 x - a wand of charming (2)
Scrolls
 f - 7 scrolls of noise
 h - 2 scrolls of amnesia
 i - 16 scrolls of identify
 j - 5 scrolls of enchant armour
 l - 2 scrolls of teleportation
 o - 8 scrolls of fog
 s - 6 scrolls of vulnerability
 F - a scroll of brand weapon
Miscellaneous
 A - a phantom mirror (inert)


   Skills:
 - Level 15.8 Fighting
 * Level 5.0(10.6) Polearms
 - Level 14.4(14.7) Staves
 - Level 1.5 Throwing
 - Level 1.7 Armour
 - Level 3.2 Dodging
 * Level 3.2 Shields
 - Level 18.1 Spellcasting


You had 42 spell levels left.
You knew the following spells:

 Your Spells              Type           Power      Damage    Failure   Level
a - Magic Dart            Conj           48%        1d5       6%          1
b - Dispel Undead         Necr           28%        3d13      50%         4
c - Mephitic Cloud        Conj/Pois/Air  12%        N/A       17%         3

Your spell library contained the following spells:

 Spells                   Type           Power      Damage    Failure   Level
 Apportation              Tloc           24%        N/A       6%          1
 Shock                    Conj/Air       48%        1d6       6%          1
 Blink                    Tloc           24%        N/A       9%          2
 Call Imp                 Summ           24%        N/A       9%          2
 Cigotuvi's Dreadful Rot  Necr/Pois/Air  56%        N/A       9%          2
 Scorch                   Fire           24%        2d6       9%          2
 Static Discharge         Conj/Air       24%        2-3/arc   9%          2
 Dazzling Flash           Conj/Hex       24%        N/A       17%         3
 Ignite Poison            Fire/Tmut/Pois 12%        N/A       17%         3
 Stone Arrow              Conj/Erth      24%        3d8       17%         3
 Swiftness                Air            12%        N/A       17%         3
 Tukima's Dance           Hex            12%        N/A       17%         3
 Volatile Blastmotes      Fire/Tloc      24%        2d12      17%         3
 Airstrike                Air            6%         2d(1-17)  50%         4
 Anguish                  Hex/Necr       14%        N/A       50%         4
 Animate Armour           Summ/Erth      24%        N/A       50%         4
 Cause Fear               Hex            6%         N/A       50%         4
 Flame Wave               Conj/Fire      12%        2d6       50%         4
 Iskenderun's Mystic Bla  Conj/Tloc      12%        2d5       50%         4
 Manifold Assault         Tloc           12%        N/A       50%         4
 Passage of Golubria      Tloc           12%        N/A       50%         4
 Petrify                  Tmut/Erth      12%        N/A       50%         4
 Summon Lightning Spire   Summ/Air       12%        N/A       50%         4
 Alistair's Intoxication  Tmut/Pois      8%         N/A       85%         5
 Borgnjor's Vile Clutch   Necr/Erth      14%        N/A       85%         5
 Freezing Cloud           Conj/Ice/Air   6%         6-21      85%         5
 Irradiate                Conj/Tmut      6%         3d13      85%         5
 Yara's Violent Unravell  Hex/Tmut       6%         3d5       85%         5
 Death Channel            Necr           14%        N/A       100%        6
 Eringya's Noxious Bog    Tmut/Pois      6%         N/A       100%        6
 Starburst                Conj/Fire      6%         6d4       100%        6
 Summon Cactus Giant      Summ           6%         N/A       100%        6
 Enfeeble                 Hex            6%         N/A       100%        7
 Lehudib's Crystal Spear  Conj/Erth      6%         10d3      100%        8
 Maxwell's Capacitive Co  Air            6%         ∞         100%        8
 Sublimation of Blood     Necr           Unusable   N/A       N/A         2
 Storm Form               Tmut/Air       Unusable   N/A       N/A         7

Dungeon Overview and Level Annotations

Branches:
Dungeon (15/15)            Temple (1/1) D:5            Lair (5/5) D:8
  Swamp (1/4) Lair:3       Spider (2/4) Lair:2        Slime (0/5) Lair:5
    Orc (2/2) D:11            Elf (2/3) Orc:2        Vaults (0/5) D:14
 Depths: D:15

Altars:
Ashenzari
Cheibriados
Dithmenos
Fedhas
Gozag
Hepliaklqana
Kikubaaqudgha
Makhleb
Nemelex Xobeh
Okawaru
Qazlal
Ru
Sif Muna
Trog
Uskayaw
Vehumet
Wu Jian
Xom
Yredelemnul

Shops:
D:4 !   D:8 [   D:9 *   D:10 [   D:14 *   D:15 *   Orc:2 [[(*

Annotations:
Lair:5 3 runed translucent doors, Flure's ghost, journeyman MeTm
Elf:1 Louise


Innate Abilities, Weirdness & Mutations

You are immune to poison.
Your flesh is cold resistant. (rC+)
You are immune to negative energy. (rN+++)
You are immune to unholy pain and torment.
You are vulnerable to heat. (rF-)
You are strongly in touch with the powers of death.
You do not drink.
You have a special connection with the divine. (Faith)


Message History

Unknown command.
You barely miss the vault guard.
The vault guard is severely wounded.
The deep elf zephyrmancer looks very confused.
The vault guard is engulfed in noxious fumes.
The vault guard appears confused.
Unknown command.
You impale the vault guard!! You burn the vault guard.
You kill the vault guard!
The deep elf zephyrmancer seems less confused.
The deep elf zephyrmancer is engulfed in noxious fumes.
The deep elf zephyrmancer gestures at you while chanting.
The bolt of lightning hits you!
* * * LOW HITPOINT WARNING * * *
You hear a shout! x3
Your base Polearms skill increases to level 5!
The deep elf zephyrmancer hits you but does no damage.
Items here: $ ) [[.
Unknown command.
You hit the deep elf zephyrmancer. You burn the deep elf zephyrmancer.
The deep elf zephyrmancer is lightly wounded.
The deep elf zephyrmancer hits you but does no damage.
Unknown command.
You miss the deep elf zephyrmancer.
The deep elf zephyrmancer is lightly wounded.
Unknown command.
You hit the deep elf zephyrmancer. You burn the deep elf zephyrmancer.
The deep elf zephyrmancer is moderately wounded.
The deep elf zephyrmancer hits you but does no damage.
Unknown command.
You closely miss the deep elf zephyrmancer.
The deep elf zephyrmancer is moderately wounded.
You block the deep elf zephyrmancer's attack.
Unknown command.
You puncture the deep elf zephyrmancer! You burn the deep elf zephyrmancer.
The deep elf zephyrmancer is severely wounded.
The deep elf zephyrmancer points at you and mumbles some strange words.
The bolt of lightning hits you!!!
You die...
Your body crumbles into a pile of gold.

#.....# ##'###'## #...e..h
#####.###.## ##.## #.##.##
##.## #@#.## ##.## ##
####..## ##'##.###
###.)..## ###.....'#
#.......# #.........
#.......##########.......(.
'.......+...$.>[@e[........
#.......##########.........
#.......# #.........
#'#...### ##'.....##
.###### ###.### ## ##


You could see a deep elf zephyrmancer.

Vanquished Creatures
  Gastronok (D:9)
  A deep elf sorcerer (Elf:1)
  An orc warlord (D:11)
  Fannar (Lair:4)
  5 vault guards
  6 hydras
  Erolcha (D:13)
  A catoblepas (Lair:5)
  A radroach (Spider:1)
  Erica (D:9)
  5 centaur warriors
  10 death yaks
  3 boulder beetles
  4 two-headed ogres
  A deep troll shaman (Lair:5)
  An orc high priest (Elf:1)
  A pharaoh ant (Spider:1)
  An orb spider (Spider:1)
  2 skysharks
  3 deep elf archers (Elf:1)
  2 wizards (D:14)
  3 orc knights (Orc:2)
  2 deep elf pyromancers (Elf:1)
  Pikel (D:6)
  A necromancer (D:14)
  3 deep elf zephyrmancers (Elf:1)
  A cyclops (D:15)
  2 wolf spiders
  A lindwurm (Lair:5)
  12 ugly things
  An orc sorcerer (Orc:1)
  A moth of wrath (Spider:1)
  2 manticores
  16 elephants
  A torpor snail (Lair:5)
  15 cane toads
  Maggie (D:7)
  4 rime drakes
  A yaktaur (shapeshifter) (D:10)
  8 komodo dragons
  An efreet (D:14)
  A yaktaur (D:14)
  2 unseen horror zombies (D:9)
  3 meliai (Spider:1)
  2 trolls
  A tyrant leech (Lair:3)
  3 tarantellas
  5 polar bears
  5 blink frogs
  Prince Ribbit (Lair:1)
  Grinder (D:3)
  A raiju (shapeshifter) (Elf:1)
  15 slime creatures
  A centaur simulacrum (D:14)
  2 culicivoras (Lair:2)
  A shadow (D:11)
  2 vampires (D:13)
  3 wyverns
  2 water elementals (Elf:1)
  4 fire bats (D:11)
  4 wraiths
  49 yaks
  18 humans (D:14)
  6 redbacks
  20 vampire mosquitoes
  A human (shapeshifter) (D:13)
  3 basilisks
  2 swamp worms (Lair:3)
  Menkaure (D:5)
  A steam dragon (D:8)
  4 wargs
  2 acid dragons
  12 water moccasins
  Duvessa (D:7)
  29 orc warriors
  A hell hound (D:11)
  3 sky beasts
  3 black bears
  4 ice beasts
  22 wolves
  A hornet zombie (D:9)
  6 ogres
  6 centaurs
  A phantom (D:7)
  4 lemures (D:6)
  2 kobold brigands (D:9)
  8 bullfrogs
  4 gnoll sergeants
  An earth elemental (Elf:1)
  2 scorpions (D:5)
  Dowan (D:7)
  5 wights (D:6)
  3 howler monkeys
  An electric eel (D:8)
  4 jellies
  3 hounds
  2 centaur zombies (D:9)
  2 lava snakes (D:11)
  13 orc priests
  A gnoll bouda (D:10)
  3 iguanas
  3 sleepcaps
  Natasha (thrice) (D:2)
  21 orc wizards
  Ijyb (D:3)
  A killer bee zombie (D:9)
  3 howler monkey zombies (D:9)
  Robin (D:3)
  25 gnolls
  8 adders
  A white imp (D:7)
  A worm (D:2)
  4 dart slugs
  65 orcs
  4 ball pythons
  2 bats (D:1)
  9 endoplasms
  3 giant cockroaches
  11 goblins
  6 hobgoblins
  8 quokkas
  2 frilled lizards
  16 kobolds
  2 rats
  3 fire vortices (D:11)
646 creatures vanquished.

Vanquished Creatures (collateral kills)
  A dancing weapon (Elf:2)
  A deep elf pyromancer (Elf:2)
  3 ogres
  2 wolves (D:8)
  2 adders (D:5)
  5 orcs
14 creatures vanquished.

Vanquished Creatures (others)
  A goblin (D:3)
  A spectral weapon (D:11)
2 creatures vanquished.

Grand Total: 662 creatures vanquished

Notes
Turn   | Place    | Note
-------+----------+-------------------------------------------
     0 | D:1      | Amplified the Mummy Gladiator began the quest for the Orb.
     0 | D:1      | Reached XP level 1. HP: 16/16 MP: 1/1
   147 | D:1      | Reached skill level 1 in Spellcasting
   147 | D:1      | Reached XP level 2. HP: 22/22 MP: 3/3
   202 | D:1      | Learned a level 1 spell: Magic Dart
   747 | D:1      | Gained mutation: You are in touch with the powers of death.
                  | [Mummy growth]
   747 | D:1      | Reached XP level 3. HP: 28/28 MP: 5/5
  1080 | D:2      | Reached skill level 2 in Spellcasting
  1302 | D:2      | Noticed Natasha
  1307 | D:2      | Killed Natasha
  1308 | D:2      | Reached XP level 4. HP: 30/35 MP: 7/7
  1413 | D:2      | Noticed Natasha
  1422 | D:2      | Killed Natasha
  1423 | D:2      | Reached skill level 3 in Spellcasting
  1436 | D:2      | Noticed Natasha
  1447 | D:2      | HP: 1/35 [cerulean imp/+1 spear[Natasha] (4)]
  1448 | D:2      | Killed Natasha
  1449 | D:2      | Reached XP level 5. HP: 1/41 MP: 9/9
  2318 | D:3      | Noticed Robin
  2341 | D:3      | Noticed Grinder
  2360 | D:3      | Killed Robin
  2566 | D:4      | Reached skill level 4 in Spellcasting
  2566 | D:4      | Reached XP level 6. HP: 42/48 MP: 10/12
  2569 | D:4      | Found Naweirer's Distillery.
  3051 | D:4      | Reached skill level 5 in Spellcasting
  3051 | D:4      | Reached XP level 7. HP: 55/55 MP: 12/14
  3336 | D:5      | Entered Level 5 of the Dungeon
  3609 | D:5      | Reached skill level 5 in Fighting
  3906 | D:5      | Found a staircase to the Ecumenical Temple.
  3933 | D:5      | Noticed Menkaure
  3940 | D:5      | Reached skill level 5 in Staves
  3940 | D:5      | Reached skill level 6 in Spellcasting
  3943 | D:5      | Reached XP level 8. HP: 62/64 MP: 15/17
  3945 | D:5      | Killed Menkaure
  4441 | Temple   | Entered the Ecumenical Temple
  4619 | Temple   | Became a worshipper of Gozag Ym Sagoz the Greedy
  4729 | D:3      | Noticed Ijyb
  4741 | D:3      | Killed Ijyb
  4900 | D:3      | Paralysed by Grinder for 3 turns
  4905 | D:3      | Killed Grinder
  4906 | D:3      | Reached skill level 7 in Spellcasting
  5579 | D:6      | Noticed Pikel
  5713 | D:6      | Found a burning altar of Makhleb.
  5735 | D:6      | Killed Pikel
  5981 | D:6      | Reached XP level 9. HP: 72/72 MP: 20/20
  5982 | D:6      | Reached skill level 8 in Spellcasting
  6476 | D:7      | Found an iron altar of Okawaru.
  6784 | D:7      | Noticed Duvessa
  6784 | D:7      | Noticed Dowan
  6795 | D:7      | Killed Duvessa
  6802 | D:7      | Killed Dowan
  6977 | D:7      | Noticed Maggie
  7017 | D:8      | Noticed a rime drake
  7026 | D:8      | Reached skill level 9 in Spellcasting
  7050 | D:7      | Killed a rime drake
  8226 | D:7      | Killed Maggie
  8227 | D:7      | Reached skill level 10 in Spellcasting
  8227 | D:7      | Reached XP level 10. HP: 82/82 MP: 22/24
  8470 | D:8      | Found a staircase to the Lair.
  9251 | D:9      | Found Zujuep's Assorted Antiques.
  9255 | D:9      | Bought a jewelled iron wand for 80 gold pieces
  9387 | D:9      | Reached skill level 11 in Spellcasting
  9459 | D:9      | Noticed Erica
  9466 | D:9      | Killed Erica
  9483 | D:9      | Found a basalt altar of Yredelemnul.
  9488 | D:9      | Reached skill level 10 in Fighting
  9590 | D:9      | Noticed Psyche
  9590 | D:9      | Noticed Gastronok
  9594 | D:9      | Psyche changed into Psyche the sky beast
  9594 | D:9      | Noticed Psyche
  9599 | D:9      | Killed Psyche the sky beast
  9736 | D:8      | Reached XP level 11. HP: 79/90 MP: 26/26
  9956 | D:8      | Reached skill level 12 in Spellcasting
 10203 | D:8      | Bought a pair of steaming gloves for 275 gold pieces
 10203 | D:8      | Identified the +0 pair of gloves "Jofanez" {Will- Str+4
                  | Stlth+} (You bought it in a shop on level 8 of the Dungeon)
 10203 | D:8      | Bought a bloodstained helmet for 275 gold pieces
 10203 | D:8      | Identified the +1 helmet "Cepuxon" {Harm rPois Slay-3} (You
                  | bought it in a shop on level 8 of the Dungeon)
 10332 | D:9      | Killed Gastronok
 10509 | D:9      | Found a shimmering altar of Xom.
 10651 | D:9      | Noticed a purple ugly thing
 10662 | D:9      | Killed a purple ugly thing
 10797 | D:10     | Entered Level 10 of the Dungeon
 11586 | D:10     | Found a snail-covered altar of Cheibriados.
 11586 | D:10     | Found a sparkling altar of Nemelex Xobeh.
 11621 | D:10     | Noticed a boulder beetle
 11838 | D:8      | Bought a fine robe for 165 gold pieces
 11838 | D:8      | Identified the +0 robe of Time Monsters {Slay+3} (You
                  | bought it in a shop on level 8 of the Dungeon)
 11838 | D:8      | Bought a colourful robe for 165 gold pieces
 11838 | D:8      | Identified the +0 robe of Lowiet {rF+} (You bought it in a
                  | shop on level 8 of the Dungeon)
 12030 | D:11     | Identified the +3 robe of Spite {Dex+3}
 12374 | D:11     | Noticed Urug
 12377 | D:11     | Urug changed into Urug the yaktaur
 12377 | D:11     | Noticed Urug
 12387 | D:11     | Urug the yaktaur changed into Urug the polar bear
 12387 | D:11     | Noticed Urug
 12400 | D:11     | Killed Urug the polar bear
 12401 | D:11     | Reached skill level 13 in Spellcasting
 12666 | D:11     | Found a staircase to the Orcish Mines.
 12681 | D:11     | Noticed a two-headed ogre
 12691 | D:11     | Killed a two-headed ogre
 12692 | D:11     | Reached skill level 10 in Staves
 12834 | D:11     | Noticed a white ugly thing
 12842 | D:11     | Killed a white ugly thing
 12843 | D:11     | Reached XP level 12. HP: 80/100 MP: 29/29
 13479 | D:12     | Noticed a boulder beetle
 13496 | D:12     | Noticed a two-headed ogre
 13626 | D:12     | Killed a two-headed ogre
 13940 | D:12     | Noticed a two-headed ogre
 13948 | D:12     | Killed a two-headed ogre
 13960 | D:12     | Noticed a boulder beetle
 14245 | D:13     | Noticed Erolcha
 14254 | D:13     | Killed Erolcha
 14255 | D:13     | Reached skill level 14 in Spellcasting
 14436 | D:12     | Killed a boulder beetle
 15438 | D:12     | Killed a boulder beetle
 15643 | Lair:1   | Entered Level 1 of the Lair of Beasts
 15673 | Lair:1   | Identified a scroll of acquirement
 15673 | Lair:1   | Acquired a +2 lajatang of electrocution
 16138 | Lair:1   | Noticed Prince Ribbit
 16188 | Lair:1   | Killed Prince Ribbit
 16513 | Lair:1   | Reached skill level 15 in Spellcasting
 16995 | Lair:2   | Gained mutation: You are strongly in touch with the powers
                  | of death. [Mummy growth]
 16995 | Lair:2   | Reached XP level 13. HP: 84/111 MP: 32/32
 17743 | Lair:2   | Found a hole to the Spider Nest.
 18003 | Lair:3   | Noticed Fannar
 18022 | Lair:4   | Killed Fannar
 18601 | Lair:5   | Entered Level 5 of the Lair of Beasts
 18635 | Lair:5   | Found a staircase to the Slime Pits.
 19871 | Lair:4   | Reached skill level 16 in Spellcasting
 21856 | Lair:3   | Reached XP level 14. HP: 110/121 MP: 34/34
 21914 | Lair:3   | Found a staircase to the Swamp.
 22264 | Orc:1    | Entered Level 1 of the Orcish Mines
 22545 | Orc:2    | Entered Level 2 of the Orcish Mines
 22571 | Orc:2    | Found a staircase to the Elven Halls.
 24065 | Orc:2    | Found Kamynk's Armour Boutique.
 24515 | Orc:2    | Found Odaij's Assorted Antiques.
 24530 | Orc:2    | Reached skill level 17 in Spellcasting
 24680 | Orc:2    | Noticed an orc warlord
 24689 | Orc:2    | Paralysed by an orc sorcerer for 5 turns
 24700 | Orc:2    | Paralysed by an orc sorcerer for 4 turns
 26088 | D:14     | Reached skill level 15 in Fighting
 26956 | D:14     | Found Ockasif's General Store.
 26962 | D:14     | Bought a scroll of teleportation for 57 gold pieces
 26962 | D:14     | Bought 3 scrolls of teleportation for 171 gold pieces
 27187 | D:14     | Found a gate to the Vaults.
 28426 | D:11     | Killed an orc warlord
 29174 | Orc:2    | Reached skill level 18 in Spellcasting
 29420 | Orc:2    | Found Tibroufa's Antique Armour Shop.
 29422 | Orc:2    | Found Suceag's Antique Weapon Boutique.
 29484 | Orc:2    | Bought an encrusted crystal plate armour for 2550 gold
                  | pieces
 29484 | Orc:2    | Identified the +1 crystal plate armour of Happiness {Dex+4
                  | SInv} (You bought it in a shop on level 2 of the Orcish
                  | Mines)
 29619 | D:15     | Entered Level 15 of the Dungeon
 30352 | D:14     | Learned a level 4 spell: Dispel Undead
 30666 | Lair:5   | Found a runed translucent gate.
 30666 | Lair:5   | Found a runed translucent gate.
 30666 | Lair:5   | Found a runed translucent gate.
 30668 | Lair:5   | Noticed Flure's ghost (journeyman MeTm)
 31168 | Lair:5   | Reached XP level 15. HP: 32/129 MP: 37/37
 33053 | D:15     | Found Dylecw's Assorted Antiques.
 33094 | D:14     | Learned a level 3 spell: Mephitic Cloud
 33284 | Spider:1 | Entered Level 1 of the Spider Nest
 33631 | Spider:1 | Reached skill level 1 in Armour
 33915 | Spider:1 | Noticed an emperor scorpion
 34237 | Spider:2 | Reached skill level 1 in Polearms
 34343 | Swamp:1  | Entered Level 1 of the Swamp
 34650 | Elf:1    | Entered Level 1 of the Elven Halls
 34650 | Elf:1    | Noticed Louise
 34752 | Elf:1    | Reached skill level 1 in Shields
 35171 | Elf:1    | Noticed a deep elf sorcerer
 35195 | Elf:1    | Killed a deep elf sorcerer
 35817 | Elf:1    | Reached skill level 5 in Polearms
 35822 | Elf:1    | Killed from afar by a deep elf zephyrmancer

Illustrated notes

Levels and vault maps discovered:
D:1:      eino_arrival_water_star, layout_basic, minmay_misc_feat_hallway,
          chequers_serial_rivers_small_3
D:2:      layout_basic, minmay_tetromino_i4, uniq_natasha
D:3:      layout_basic, kennysheep_boxes, uniq_grinder, uniq_robin, uniq_ijyb
D:4:      layout_basic, serial_shops, shop
D:5:      layout_loops_corners, minmay_temple_entry_stoned_glass,
          serial_bayou_pond_a, uniq_menkaure
D:6:      layout_rooms, mainiacjoe_overflow_catwalk, uniq_pikel
D:7:      layout_basic, okawaru_metal_pillars_1_2, uniq_duvessa, uniq_maggie
D:8:      argonaut_augean_stables, layout_loops_corners, hellmonk_lair_entry_icy
D:9:      layout_roguey, nicolae_yredelemnul_corpse_copse, marbit_many_paths,
          mainiacjoe_overflow_alcove_2, serial_shops, shop, uniq_psyche,
          uniq_erica, uniq_gastronok
D:10:     layout_loops_ring, minitemple, lightli_corner_chamber
D:11:     layout_loops_cross, orc_0_dummy, minmay_misc_feat_doors,
          hangedman_incinerator, uniq_urug
D:12:     layout_basic
D:13:     layout_loops_cross, grunt_ministairs_6, uniq_erolcha
D:14:     layout_gridville, grunt_vaults_entry_tiered, serial_rivers,
          chequers_serial_rivers_large_b, chequers_serial_rivers_small_a,
          chequers_serial_rivers_marsh, chequers_serial_rivers_room_a,
          chequers_serial_rivers_micro_c, serial_shops,
          nicolae_shop_just_a_little_nook
D:15:     hangedman_depths_entry_try_elsewhere_first, layout_long_grid,
          kennysheep_crisscross, serial_shops, shop
Temple:   nicolae_temple_bog_church
Lair:1:   layout_roguey, uniq_prince_ribbit2
Lair:2:   layout_roguey, spider_nest_entry_funnel_web
Lair:3:   layout_layer_cave, palyth_hydra_swamp_entry, uniq_fannar
Lair:4:   layout_hall_layers, serial_bayou_shore_b
Lair:5:   grunt_lair_end_beastmaster, layout_loops_ring,
          minmay_slime_entry_pillars, gammafunk_ghost_hydra_chop
Swamp:1:  layout_basic_swamp, evilmike_swamp_ruin_house_6
Spider:1: layout_spider_delve, gammafunk_ghost_grave, nicolae_spider_bug_shape,
          hangedman_spider_tarantella_strand
Spider:2: layout_spider_delve, nicolae_spider_stair_cavern
Orc:1:    layout_caves
Orc:2:    grunt_orc_community_town_hall, layout_caves,
          grunt_orc_community_big_house_2, grunt_orc_community_big_house_1,
          grunt_orc_community_house_1, grunt_orc_community_house_1,
          grunt_orc_community_house_3, grunt_orc_community_house_3,
          grunt_orc_community_house_1, basic_altar
Elf:1:    minmay_elf_arrival_plus, layout_geoelf_diagonals, serial_shops,
          nicolae_shop_mannequins, minmay_elf_annihilation, drop_trap,
          uniq_louise, uniq_nikola
Elf:2:    elven_hall_of_blades_hangedman_original
          [nicolae_blade_entry_crossed_weapons], layout_geoelf_octagon,
          enter_trove_5, amcnicky_mini_corridor_feature,
          amcnicky_mini_pool_small, drop_trap, uniq_agnes, uniq_roxanne

Skill      XL: |  1  2  3  4  5  6  7  8  9 10 11 12 13 14 15 |
---------------+----------------------------------------------+-----
Spellcasting   | 1 2 3 4 5 6 7 10 11 13 15 16 18 | 18.1
Staves         | 3 4 5 6 7 8 10 11 12 13 14 | 14.4
Fighting       | 3 4 5 7 8 10 11 13 14 15 | 15.8
Armour         | 1 |  1.7
Dodging        | 3 |  3.2
Polearms       | 5 |  5.0
Shields        | 3 |  3.2
Throwing       | |  1.5

Action                     |  1- 3 |  4- 6 |  7- 9 | 10-12 | 13-15 || total
---------------------------+-------+-------+-------+-------+-------++-------
  Melee: Quarterstaff      |   113 |   168 |   271 |   549 |    30 ||  1131
         Lajatang          |       |       |       |   136 |  1157 ||  1293
         Demon trident     |       |       |       |       |   190 ||   190
         Punch             |       |       |       |       |     1 ||     1
  Throw: Throwing net      |       |     4 |       |     9 |     4 ||    17
         Javelin           |       |     1 |     2 |       |     1 ||     4
   Cast: Magic Dart        |       |     1 |       |       |       ||     1
         Mephitic Cloud    |       |       |       |       |     6 ||     6
 Invoke: Potion Petition   |       |       |       |     1 |     4 ||     5
         Call Merchant     |       |       |       |     2 |       ||     2
Ability: Evoke Invisibilit |       |       |       |       |     1 ||     1
  Evoke: Wand              |       |     2 |    12 |    14 |    18 ||    46
         Phantom mirror    |       |       |       |       |     2 ||     2
    Use: Scroll            |     2 |     4 |    17 |    12 |    19 ||    54
   Stab: Held in net/web   |       |     1 |       |     6 |     2 ||     9
         Distracted        |       |       |     3 |    10 |    10 ||    23
         Sleeping          |       |       |       |     1 |     2 ||     3
         Petrified         |       |       |       |       |     1 ||     1
         Invisible         |       |       |       |       |     3 ||     3
         Confused          |       |       |       |       |     2 ||     2
 Armour: Leather armour    |    41 |    46 |    50 |       |       ||   137
         Steam dragon scal |       |       |       |   102 |       ||   102
         Robe              |       |       |       |    44 |   512 ||   556
  Dodge: Dodged            |    88 |   104 |   167 |   378 |   892 ||  1629
  Block: Buckler           |       |       |       |       |    27 ||    27
